Map: Ever Dream LE

Players

MacroMan - Winner!

  • Race: Protoss Protoss
  • League: Diamond
  • Spawn Location: 1:00

SorrySerral

  • Race: Zerg Zerg
  • League: Master
  • Spawn Location: 7:00

VOD

Have the link to the VOD?

Description

Time

  • Played on: May 30, 2020, 9:12 p.m.
  • Length: 15:18
Show
View Real Time Build Order
Export as new Build Order

MacroMan Protoss - Winner!

Build Orders: 1 Gate Expand, Oracle Opening, Carriers 

Get SALT Encoding   

  12  0:01  Probe  
  13  0:13  Probe  
  14  0:19  Pylon  
  14  0:25  Probe  
  15  0:37  Probe (Chrono Boost)  
  15  0:40  Gateway  
  16  0:49  Probe (Chrono Boost), Assimilator  
  17  0:54  Probe (Chrono Boost)  
  18  1:04  Probe  
  19  1:23  Nexus  
  19  1:30  Nexus  
  19  1:34  Probe  
  20  1:45  Cybernetics Core  
  20  1:47  Probe  
  21  1:55  Assimilator  
  21  1:59  Probe  
  22  2:04  Pylon  
  22  2:11  Probe  
  23  2:19  Adept (Chrono Boost)  
  25  2:23  Probe  
  25  2:24  Warp Gate  
  26  2:35  Probe  
  27  2:42  Adept  
  29  2:47  Probe  
  29  2:51  Stargate  
  30  2:56  Gateway  
  30  2:58  Probe  
  31  2:59  Probe  
  32  3:10  Probe  
  32  3:11  Probe  
  34  3:22  Probe  
  34  3:23  Probe  
  34  3:30  Adept  
  36  3:34  Probe  
  36  3:48  Oracle (Chrono Boost)  
  38  3:58  Probe x2  
  40  4:06  Shield Battery  
  40  4:08  Pylon  
  40  4:10  Probe  
  40  4:11  Probe  
  42  4:18  Void Ray  
  46  4:26  Probe x2  
  46  4:28  Adept  
  46  4:29  Adept  
  52  4:38  Probe x2  
  54  4:51  Assimilator  
  54  4:53  Assimilator  
  54  4:55  Nexus  
  54  4:57  Pylon  
  54  5:11  Pylon  
  54  5:15  Probe (Chrono Boost)  
  54  5:16  Probe (Chrono Boost)  
  54  5:20  Shield Battery  
  56  5:22  Protoss Air Weapons Level 1  
  56  5:23  Forge  
  56  5:27  Probe (Chrono Boost)  
  56  5:28  Probe (Chrono Boost)  
  60  5:35  Probe (Chrono Boost)  
  60  5:36  Probe (Chrono Boost)  
  60  5:42  Probe x2  
  60  5:49  Gateway  
  62  5:50  Stargate  
  62  5:53  Fleet Beacon  
  62  5:54  Probe x2  
  64  6:05  Photon Cannon  
  64  6:06  Probe (Chrono Boost)  
  64  6:07  Probe (Chrono Boost)  
  64  6:09  Probe (Chrono Boost)  
  67  6:18  Probe x2 (Chrono Boost)  
  70  6:19  Stargate  
  70  6:20  Probe (Chrono Boost)  
  70  6:23  Probe x2 (Chrono Boost)  
  70  6:24  Probe (Chrono Boost)  
  72  6:26  Pylon  
  73  6:35  Carrier (Chrono Boost)  
  73  6:36  Carrier (Chrono Boost)  
  85  6:48  Photon Cannon  
  85  7:02  Assimilator  
  85  7:06  Assimilator  
  91  7:09  Pylon  
  91  7:11  Shield Battery  
  91  7:12  Carrier (Chrono Boost)  
  91  7:20  Photon Cannon  
  91  7:26  Gateway  
  91  7:27  Carrier (Chrono Boost)  
  91  7:29  Shield Battery  
  91  7:35  Pylon  
  91  7:36  Probe  
  99  7:37  Probe  
  99  7:38  Protoss Air Weapons Level 2  
  99  7:39  Probe  
  99  7:44  Pylon  
  100  7:45  Pylon  
  100  8:01  Adept x2  
  104  8:16  Stalker  
  104  8:19  Carrier (Chrono Boost)  
  112  8:24  Carrier (Chrono Boost)  
  112  8:25  Carrier (Chrono Boost)  
  118  8:32  Photon Cannon  
  118  8:33  Shield Battery  
  124  8:49  Pylon  
  124  8:51  Pylon x2  
  124  8:56  Pylon  
  124  8:57  Pylon  
  124  8:59  Photon Cannon  
  124  9:00  Photon Cannon  
  124  9:01  Shield Battery  
  124  9:10  Adept x3  
  124  9:14  Sentry  
  132  9:22  Carrier (Chrono Boost)  
  132  9:23  Photon Cannon  
  138  9:25  Probe (Chrono Boost), Shield Battery  
  138  9:29  Carrier (Chrono Boost)  
  138  9:30  Probe (Chrono Boost)  
  138  9:31  Probe (Chrono Boost)  
  147  9:35  Probe (Chrono Boost)  
  150  9:38  Probe (Chrono Boost)  
  150  9:39  Probe (Chrono Boost)  
  150  9:41  Stalker x2  
  154  9:49  Void Ray (Chrono Boost)  
  156  10:13  Pylon  
  156  10:14  Pylon  
  162  10:30  Adept  
  162  10:31  Carrier (Chrono Boost)  
  162  10:33  Adept  
  162  10:34  Pylon  
  172  10:36  Carrier (Chrono Boost)  
  172  10:45  Adept  
  160  11:04  Nexus  
  163  11:14  Void Ray (Chrono Boost)  
  163  11:16  Pylon  
  163  11:42  Pylon  
  163  11:45  Pylon  
  163  12:16  Forge  
  163  12:20  Protoss Air Weapons Level 3 (Chrono Boost)  
  163  12:24  Pylon  
  163  12:28  Pylon  
  161  13:02  Pylon  
  161  13:03  Assimilator  
  161  13:04  Pylon  
  161  13:05  Pylon  
  163  13:20  Probe x2  
  163  13:22  Carrier  
  169  13:29  Twilight Council  
  169  13:32  Probe  
  170  13:34  Nexus  
  170  13:37  Pylon  
  170  13:42  Pylon  
  170  13:47  Carrier  
  176  13:57  Carrier  
  182  14:13  Adept x2  
  182  14:14  Adept  
  191  14:42  Photon Cannon  
  191  14:46  Assimilator  
Show
View Real Time Build Order
Export as new Build Order

SorrySerral Zerg 

Build Orders: Hatch First 

Get SALT Encoding   

  12  0:03  Drone  
  13  0:12  Overlord  
  13  0:19  Drone  
  14  0:33  Drone x2  
  16  0:37  Drone  
  17  0:55  Hatchery  
  16  0:59  Drone  
  16  1:00  Drone  
  18  1:15  Extractor  
  18  1:25  Extractor  
  18  1:27  Spawning Pool  
  18  1:28  Drone x2  
  18  1:31  Drone  
  19  1:44  Overlord  
  19  2:14  Queen x2  
  23  2:20  Zergling x10  
  28  2:33  Metabolic Boost  
  28  2:37  Drone x2  
  30  2:48  Zergling x2  
  30  2:49  Zergling x2, Hatchery  
  31  3:02  Drone  
  31  3:03  Drone x2  
  31  3:04  Drone  
  35  3:19  Drone x2  
  35  3:31  Overlord x2  
  33  3:42  Drone x3  
  35  3:48  Queen  
  35  3:49  Queen  
  35  3:50  Spore Crawler  
  35  3:52  Spore Crawler  
  37  3:56  Overlord  
  37  3:58  Drone x2  
  37  3:59  Drone  
  37  4:02  Drone  
  41  4:05  Drone  
  42  4:10  Extractor  
  42  4:13  Roach Warren  
  40  4:22  Drone  
  40  4:24  Drone x4  
  43  4:30  Spore Crawler  
  44  4:32  Queen  
  44  4:33  Overlord  
  44  4:36  Drone  
  44  4:38  Drone x2  
  49  4:52  Roach  
  53  4:53  Roach x4  
  53  4:55  Roach  
  53  4:57  Roach  
  62  5:07  Lair  
  62  5:08  Drone, Evolution Chamber  
  62  5:12  Extractor  
  62  5:13  Drone  
  62  5:14  Drone x2  
  62  5:16  Drone  
  62  5:17  Drone  
  62  5:18  Drone  
  67  5:30  Drone  
  67  5:31  Drone x3  
  67  5:32  Overlord  
  67  5:33  Overlord  
  71  5:37  Zerg Missile Weapons Level 1  
  71  5:47  Overlord x3  
  71  5:54  Drone x4  
  71  5:55  Drone  
  71  5:56  Drone  
  77  5:58  Drone  
  77  6:00  Drone  
  77  6:01  Drone  
  80  6:06  Hydralisk Den  
  80  6:08  Extractor  
  80  6:10  Extractor  
  80  6:11  Drone x4  
  81  6:13  Drone  
  82  6:18  Extractor  
  82  6:19  Drone x3  
  82  6:22  Drone x2  
  82  6:23  Drone  
  82  6:24  Drone  
  82  6:25  Drone  
  89  6:27  Drone  
  90  6:36  Grooved Spines  
  90  6:37  Overlord x2  
  90  6:39  Pneumatized Carapace  
  90  6:41  Overseer  
  90  6:42  Overseer  
  90  6:50  Hydralisk x2  
  90  6:51  Hydralisk x2  
  90  6:53  Hydralisk  
  100  6:55  Overlord  
  100  7:06  Nydus Network  
  99  7:15  Overseer  
  99  7:19  Overseer  
  99  7:22  Hydralisk x4  
  101  7:25  Zergling x4  
  101  7:26  Zergling x12  
  101  7:27  Zergling x6  
  118  7:30  Overlord x3  
  118  7:34  Zerg Melee Weapons Level 1  
  118  7:39  Hydralisk x3  
  118  7:41  Hydralisk  
  126  7:46  Hydralisk  
  126  7:47  Muscular Augments  
  126  7:48  Hydralisk  
  130  7:53  Nydus Canal  
  130  7:55  Hydralisk  
  132  8:13  Hydralisk, Nydus Canal  
  132  8:14  Hydralisk x4  
  140  8:24  Hydralisk x3  
  144  8:29  Nydus Canal  
  144  8:34  Hydralisk x2  
  148  8:49  Spore Crawler  
  148  8:51  Hatchery, Spore Crawler  
  148  8:53  Hydralisk, Spore Crawler  
  148  8:54  Hydralisk x4  
  154  8:56  Overlord x3  
  154  9:03  Overlord x2  
  153  9:17  Spore Crawler  
  153  9:22  Hydralisk x5  
  153  9:23  Hydralisk x2  
  166  9:28  Nydus Canal  
  166  9:38  Spore Crawler x2  
  165  9:39  Ravager  
  165  9:40  Ravager x4, Spore Crawler  
  165  9:41  Spore Crawler  
  167  9:48  Spore Crawler x2  
  165  9:59  Hydralisk x5  
  157  10:00  Hydralisk  
  166  10:09  Hydralisk x2  
  166  10:10  Roach  
  171  10:15  Hydralisk x2  
  171  10:19  Nydus Canal  
  170  10:27  Hydralisk x3  
  173  10:39  Hydralisk x2  
  173  10:40  Hydralisk x2, Drone  
  157  10:46  Hydralisk x2  
  157  10:47  Hydralisk  
  138  11:03  Hydralisk x5  
  146  11:07  Nydus Canal  
  145  11:35  Hydralisk x3  
  145  11:36  Hydralisk x6  
  153  11:40  Nydus Canal  
  151  11:51  Hydralisk x4  
  151  11:52  Drone  
  160  12:02  Hydralisk x3  
  160  12:04  Overlord x3  
  166  12:11  Spore Crawler  
  165  12:17  Drone x2  
  165  12:18  Drone x3  
  168  12:30  Hydralisk x6  
  172  12:42  Hydralisk x3  
  172  12:43  Drone  
  152  12:49  Spore Crawler  
  147  12:53  Hydralisk x2, Spore Crawler  
  148  13:02  Hydralisk x3  
  148  13:04  Spore Crawler  
  137  13:15  Hydralisk x2, Spore Crawler  
  137  13:16  Spore Crawler  
  137  13:17  Drone x3  
  142  13:27  Spore Crawler  
  142  13:32  Hydralisk x2  
  142  13:33  Hydralisk x2  
  143  13:46  Hydralisk x5  
  147  13:55  Hydralisk  
  147  13:56  Hydralisk x2  
  153  14:14  Hydralisk x6  
  153  14:19  Hydralisk  
  153  14:20  Hydralisk  
  153  14:23  Hydralisk  
  134  14:27  Hydralisk  
  115  14:37  Hydralisk x3  
  116  14:53  Hydralisk x5  
Tags
 
Add a new tag
Caveats
  • Supply blocks, unpowered buildings, or Contaminate may cause inaccurate times.
  • Supply counts are checked every 10 seconds.